 Dungeon Crawl Stone Soup version 0.18.1-6-gd335043 (webtiles) character file.

88 Implojin the Insei (level 4, -1/35 HPs)
             Began as a Mummy Monk on May 19, 2016.
             Slain by a kobold
             ... wielding a +0 short sword
              (7 damage)
             ... on level 3 of the Dungeon.
             The game lasted 00:07:07 (3988 turns).

Implojin the Insei (Mummy Monk)                     Turns: 3988, Time: 00:07:07

Health: -1/35      AC:  0    Str: 14    XL:     4   Next: 30%
Magic:  4/4        EV: 12    Int:  9    God:
Gold:   146        SH:  3    Dex: 15    Spells: 0 memorised, 3 levels left

rFire  x . .     SeeInvis .       - Unarmed
rCold  + . .     Gourm    .     (no armour)
rNeg   + + +     Faith    .     e - +0 buckler {buckler time}
rPois  ∞         Spirit   .     (no helmet)
rElec  .         Dismiss  .     (no cloak)
rCorr  .         Reflect  .     (no gloves)
SustAt .         Harm     .     (no boots)
MR     .....                    (no amulet)
Stlth  ++........               (no ring)
                                (no ring)

@: not resistant to hostile enchantments, unstealthy
A: no food or potions, fire vulnerability, cold resistance 1, negative energy
resistance 3, torment resistance, unbreathing
a: no special abilities


You were on level 3 of the Dungeon.
You were not hungry.

You visited 1 branch of the dungeon, and saw 3 of its levels.

You collected 146 gold pieces.

Inventory:

Armour
 e - a +0 buckler (worn) {buckler time}
 g - a -2 cloak
Jewellery
 a - an uncursed ring of protection from fire {unknown}
 h - a +4 amulet of reflection {unknown}
Scrolls
 b - a scroll of recharging {unknown}
 c - 2 scrolls of remove curse
 d - a scroll of amnesia {unknown}
 f - 4 scrolls of identify {unknown}
 i - a scroll of enchant armour {unknown}


   Skills:
 - Level 3.0 Fighting
 - Level 2.4 Dodging
 - Level 1.5 Stealth
 * Level 4.8 Unarmed Combat


You had 3 spell levels left.
You didn't know any spells.

Dungeon Overview and Level Annotations

Branches:
Dungeon (3/15)

Altars:
Trog

Annotations:
D:3 chicagocrazy's ghost, amateur TrBe


Innate Abilities, Weirdness & Mutations

You do not eat or drink.
Your flesh is vulnerable to fire.
You are immune to poison.
Your flesh is cold resistant.
You are immune to negative energy.
You are immune to unholy pain and torment.
You can survive without breathing.


Message History

The adder bites you.
* * * LOW HITPOINT WARNING * * *
You closely miss the adder.
The adder is heavily wounded.
The adder closely misses you.
You closely miss the adder.
The adder is heavily wounded.
The adder bites you.
* * * LOW HITPOINT WARNING * * *
You barely miss the adder.
The adder is heavily wounded.
The adder closely misses you. The adder barely misses you.
You hit the adder.
The adder is almost dead.
The adder closely misses you.
You completely miss the adder.
The adder is almost dead.
The adder misses you.
You hit the adder.
You kill the adder!
You see here a goblin corpse.
You see here a rat corpse.
Chicagocrazy's ghost yells, "Who would have thought, even in death it is a pleasure to sever!"
There is a stone staircase leading up here.
A kobold comes into view. It is wielding a short sword.
Things that are here:
a dagger; a goblin skeleton
There is an open door here.
You see here a goblin skeleton.
You see here a rat skeleton.
The kobold shouts!
The kobold throws a stone.
The stone closely misses you. The kobold hits you with a short sword.
* * * LOW HITPOINT WARNING * * *
The kobold hits you with a short sword!
* * * LOW HITPOINT WARNING * * *
You block the kobold's attack.
Unknown command.
The kobold hits you with a short sword!
You die...

#....# #..# #.
#....######..# #.
.....$......# #.
#..........# #.
#..........#######.
######...............!#.
........W.....(######...
........K#####.# #.#.
.......@.+.....# #.#.
.........#####.# #.#.
###..........#.# #.##
#....<.....#÷# #...
#.........!#÷# ####
#..........#.# #..
#..........#.# #.#
#..........#.# #..
#....).....#.# #.


You could see chicagocrazy's ghost and a kobold.

Vanquished Creatures
  3 adders (D:3)
  4 oozes
  2 worms (D:2)
  A giant gecko (D:2)
  An orc (D:3)
  6 goblins
  4 hobgoblins
  3 kobolds
  6 bats
  6 giant newts
  6 rats
42 creatures vanquished.

Notes
Turn   | Place    | Note
--------------------------------------------------------------
     0 | D:1      | Implojin the Mummy Monk began the quest for the Orb.
     0 | D:1      | Reached XP level 1. HP: 18/18 MP: 1/1
   848 | D:1      | Reached XP level 2. HP: 23/24 MP: 2/2
  1538 | D:2      | Reached skill level 4 in Unarmed Combat
  1802 | D:2      | Reached XP level 3. HP: 27/29 MP: 3/3
  3300 | D:3      | Found a bloodstained altar of Trog.
  3634 | D:3      | Reached XP level 4. HP: 24/35 MP: 4/4
  3907 | D:3      | Noticed chicagocrazy's ghost (amateur TrBe)
  3988 | D:3      | Slain by a kobold

Skill      XL: |  1  2 |
---------------+-------+-----
Unarmed Combat | 4 |  4.8
Fighting       | |  3.0
Dodging        | |  2.4
Stealth        | |  1.5

Action                   |  1- 3 |  4- 6 || total
-------------------------+-------+-------++-------
Melee: Unarmed           |   159 |    26 ||   185
       Punch             |     3 |       ||     3
  Use: Scroll            |     1 |       ||     1
 Stab: Sleeping          |     6 |       ||     6
Dodge: Dodged            |    87 |    15 ||   102
Block: Buckler           |    11 |     3 ||    14

Table legend:
 A = Turns spent in this place as a percentage of turns spent in the entire game.
 B = Non-inter-level travel turns spent in this place as a percentage of non-inter-level travel turns spent in the entire game.
 C = Inter-level travel turns spent in this place as a percentage of turns spent in this place.
 D = Turns resting spent in this place as a percentage of non-inter-level travel turns spent in this place.
 E = Turns spent auto-exploring this place as a percentage of non-inter-level travel turns spent in this place.
 F = Non-inter-level travel turns spent in this place divided by the number of levels of this place that you've seen.
                   A       B       C       D       E      F
               +-------+-------+-------+-------+-------+----------------------
         Total | 100.0 | 100.0 |   0.3 |   4.9 |   5.5 | 394.0
       Dungeon | 100.0 | 100.0 |   0.3 |   4.9 |   5.5 | 394.0
               +-------+-------+-------+-------+-------+----------------------

Table legend:
 A = Kills in this place as a percentage of kills in entire the game.
 B = Kills by you in this place as a percentage of kills by you in the entire game.
 C = Kills by friends in this place as a percentage of kills by friends in the entire game.
 D = Other kills in this place as a percentage of other kills in the entire game.
 E = Experience gained in this place as a percentage of experience gained in the entire game.
 F = Experience gained in this place divided by the number of levels of this place that you have seen.
                   A       B       C       D       E      F
               +-------+-------+-------+-------+-------+----------------------
         Total | 100.0 | 100.0 |  -nan |  -nan | 100.0 |  42.3
       Dungeon | 100.0 | 100.0 |  -nan |  -nan | 100.0 |  42.3
               +-------+-------+-------+-------+-------+----------------------
